 Dungeon Crawl Stone Soup version 0.29.0-13-gc9e81de378 (webtiles) character file.

Game seed: 6914808173968540903

17 SnakkuSnakku7 the Chopper (level 2, 0/26 HPs)
             Began as a Naga Warper on Sept 9, 2022.
             Slain by a gnoll
             ... wielding a +0 flail
              (12 damage)
             ... on level 1 of the Dungeon.
             The game lasted 00:00:47 (1055 turns).

SnakkuSnakku7 the Chopper (Naga Warper)             Turns: 1055, Time: 00:00:47

Health: 0/26       AC:  2    Str: 13    XL:     2   Next: 62%
Magic:  5/5        EV:  9    Int: 13    God:
Gold:   56         SH:  0    Dex: 10    Spells: 5/5 levels left

rFire   . . .      SeeInvis +   i - +1 halberd (venom)
rCold   . . .      Faith    .   (shield currently unavailable)
rNeg    . . .      Spirit   .   b - +0 leather armour
rPois   +          Reflect  .   (no helmet)
rElec   .          Harm     .   (no cloak)
rCorr   .          Rampage  .   (no gloves)
Will    .....                   (no barding)
Stlth   +.........              (no amulet)
HPRegen 0.08/turn               (no ring)
MPRegen 0.09/turn               (no ring)

@: very slow
A: AC +0, large, see invisible, deformed body, poison resistance, slowness 2,
spit poison 1, naga tail 1
a: Spit Poison


You were on level 1 of the Dungeon.
You visited 1 branch of the dungeon, and saw 1 of its levels.

You collected 56 gold pieces.

Inventory:

Hand Weapons
 a - a +0 hand axe
 i - a +1 halberd of venom (weapon)
Missiles
 d - 7 boomerangs of dispersal
Armour
 b - a +0 leather armour (worn)
Scrolls
 c - a scroll of blinking
 f - a scroll of fear {unknown}
Potions
 e - a potion of haste {unknown}
 g - a potion of degeneration {unknown}
 h - a potion of attraction {unknown}


   Skills:
 - Level 2.0 Fighting
 + Level 3.1 Axes
 - Level 0.8 Throwing
 - Level 0.7 Armour
 - Level 1.5 Dodging
 - Level 2.0 Spellcasting
 - Level 3.0 Translocations


You had 5 spell levels left.
You didn't know any spells.
Your spell library contained the following spells:

 Spells                   Type           Power      Damage    Failure   Level
 Blink                    Tloc           18%        N/A       14%         2
 Gell's Gravitas          Tloc           9%         N/A       28%         3
 Lesser Beckoning         Tloc           9%         N/A       28%         3
 Teleport Other           Tloc           9%         N/A       28%         3
 Manifold Assault         Tloc           9%         N/A       95%         5


Dungeon Overview and Level Annotations

Branches:
Dungeon (1/15)

Altars:


Innate Abilities, Weirdness & Mutations

Your serpentine skin is tough. (AC +0)
You have supernaturally acute eyesight. (SInv)
Armour fits poorly on your strangely shaped body.
Your system is resistant to poisons. (rPois)
You cover ground very slowly.
You can spit poison.
You have a snake-like lower body.


Message History

The kobold shouts!
A ball python comes into view.
The kobold throws a stone.
The stone hits you.
The ball python moves out of view.
A kobold is nearby!
The ball python hisses angrily.
A gnoll comes into view. It is wielding a +0 flail.
An endoplasm comes into view.
You reach to attack!
You hit the kobold.
You kill the kobold!
A bat comes into view.
The ball python closely misses you.
The bat moves out of view.
You barely miss the ball python. The ball python closely misses you.
The ball python bites you.
You barely miss the ball python. The ball python closely misses you.
You barely miss the ball python. The ball python barely misses you.
The ball python bites you.
You puncture the ball python!
You kill the ball python!
You puncture the endoplasm!
You kill the endoplasm!
The bat hits you but does no damage.
You barely miss the bat. The bat hits you but does no damage.
The bat closely misses you.
You closely miss the bat. The bat barely misses you.
The bat hits you but does no damage.
You miss the bat. The bat hits you but does no damage.
The bat closely misses you.
You miss the bat. The bat barely misses you. The bat closely misses you.
You slash the bat!
You kill the bat!
The gnoll barely misses you.
You closely miss the gnoll. The gnoll completely misses you.
You slash the gnoll!
The gnoll is heavily wounded.
The gnoll hits you with a +0 flail!
You closely miss the gnoll.
The gnoll is heavily wounded.
The gnoll hits you with a +0 flail. The gnoll hits you with a +0 flail!
You die...

...... #..#
...... #.##
...... #.#
...... #.#
...... #.#
..#... ##.#
..#... #..#
###.##
#@..#
......g.###
.##..####
.... ... ..
.


You could see a gnoll.

Vanquished Creatures
  3 bats (D:1)
  An endoplasm (D:1)
  A giant cockroach (D:1)
  2 hobgoblins (D:1)
  3 kobolds (D:1)
  2 ball pythons (D:1)
  A frilled lizard (D:1)
  2 goblins (D:1)
  A rat (D:1)
16 creatures vanquished.

Vanquished Creatures (others)
  2 fungi (D:1)
  4 plants (D:1)
6 creatures vanquished.

Grand Total: 22 creatures vanquished

Notes
Turn   | Place    | Note
-------+----------+-------------------------------------------
     0 | D:1      | SnakkuSnakku7 the Naga Warper began the quest for the Orb.
     0 | D:1      | Reached XP level 1. HP: 19/19 MP: 3/3
   835 | D:1      | Reached XP level 2. HP: 22/26 MP: 5/5
  1055 | D:1      | Slain by a gnoll

Illustrated notes

Levels and vault maps discovered:
D:1:      dpeg_arrival_chambers_temple_mockup, layout_basic,
          shapermc_ecumenical_altar_mp_urbaneastern

Skill      XL: |  1  2 |
---------------+-------+-----
Axes           | 3 |  3.1
Fighting       | |  2.0
Throwing       | |  0.8
Armour         | |  0.7
Dodging        | |  1.5
Spellcasting   | |  2.0
Translocations | |  3.0

Action                   || total
-------------------------++-------
Melee: Hand axe          ||    39
       Halberd           ||    17
 Abil: Spit Poison       ||     2
Armor: Leather armour    ||    19
Dodge: Dodged            ||    35
